 Dungeon Crawl Stone Soup version 0.29.1-15-g9cfb28693d (webtiles) character file.

Game seed: 9229568439759691749

39 protoss039 the Digger (level 3, -7/26 HPs)
             Began as a Demonspawn Earth Elementalist on Mar 3, 2023.
             Killed by an exploding Terence (11 damage)
             ... ignited by their inner flame
             ... on level 2 of the Dungeon.
             The game lasted 00:02:19 (1681 turns).

protoss039 the Digger (DsEE)                        Turns: 1681, Time: 00:02:20

Health: -7/26      AC:  7    Str:  8    XL:     3   Next: 26%
Magic:  2/6        EV: 11    Int: 18    God:
Gold:   51         SH:  0    Dex: 13    Spells: 4/7 levels left

rFire   . . .      SeeInvis .   i - +0 hand axe
rCold   . . .      Faith    .   (no shield)
rNeg    . . .      Spirit   .   h - +0 leather armour
rPois   .          Reflect  .   g - +2 hat
rElec   .          Harm     .   (no cloak)
rCorr   .          Rampage  .   (no gloves)
Will    .....                   (no boots)
Stlth   ++........              (no amulet)
HPRegen 0.08/turn               (no ring)
MPRegen 0.20/turn               (no ring)

@: no status effects
A: icy blue scales 1, magic regeneration
a: no special abilities


You were on level 2 of the Dungeon.
You visited 1 branch of the dungeon, and saw 2 of its levels.

You collected 51 gold pieces.

Inventory:

Hand Weapons
 i - a +0 hand axe (weapon)
Armour
 g - a +2 hat (worn)
 h - a +0 leather armour (worn)
Scrolls
 a - 2 scrolls of identify {unknown}
Potions
 b - a potion of magic
 d - a potion of ambrosia {unknown}
 e - 2 potions of curing {unknown}
 f - 2 potions of lignification {unknown}
 j - a potion of mutation {unknown}


   Skills:
 + Level 1.5 Fighting
 - Level 1.7 Dodging
 - Level 1.7 Stealth
 + Level 2.5 Spellcasting
 - Level 0.8 Transmutations
 + Level 3.1 Earth Magic


You had 4 spell levels left.
You knew the following spells:

 Your Spells              Type           Power      Damage    Failure   Level
a - Sandblast             Erth           26%        2d8       7%          1
b - Passwall              Tmut/Erth      7%         N/A       17%         2

Your spell library contained the following spells:

 Spells                   Type           Power      Damage    Failure   Level
 Stone Arrow              Conj/Erth      16%        3d8       36%         3
 Petrify                  Tmut/Erth      9%         N/A       73%         4
 Summon Lightning Spire   Summ/Air       2%         N/A       94%         4
 Storm Form               Tmut/Air       1%         N/A       100%        7
 Maxwell's Capacitive Co  Air            1%         ∞         100%        8


Dungeon Overview and Level Annotations

Branches:
Dungeon (2/15) Zot: 10298

Altars:


Innate Abilities, Weirdness & Mutations

You are partially covered in icy blue scales. (AC +2)
You regenerate magic rapidly.


Message History

Okay, then.
Casting: Sandblast (safe; 7% risk of failure)
Confirm with . or Enter, or press ? or * to list all spells.
Aiming: Sandblast (safe; 7% risk of failure)
Press: ? - help, Shift-Dir - straight line, f/p - Terence
Aim: Terence, wielding a +0 vorpal mace and wearing a +0 scale mail (lightly wounded, inner flame, 84% to hit)
The blast of sand hits Terence but does no damage.
Terence is lightly wounded.
Terence hits you with a +0 vorpal mace.
* * * LOW HITPOINT WARNING * * *
x2 Unknown command.
Casting: Sandblast (safe; 7% risk of failure)
Confirm with . or Enter, or press ? or * to list all spells.
Aiming: Sandblast (safe; 7% risk of failure)
Press: ? - help, Shift-Dir - straight line, f/p - Terence
Aim: Terence, wielding a +0 vorpal mace and wearing a +0 scale mail (lightly wounded, inner flame, 84% to hit)
The blast of sand misses Terence.
Terence closely misses you. Terence hits you but does no damage.
Unknown command.
Unknown command.
Unknown command.
Casting: Sandblast (safe; 7% risk of failure)
Confirm with . or Enter, or press ? or * to list all spells.
Aiming: Sandblast (safe; 7% risk of failure)
Press: ? - help, Shift-Dir - straight line, f/p - Terence
Aim: Terence, wielding a +0 vorpal mace and wearing a +0 scale mail (lightly wounded, inner flame, 84% to hit)
The blast of sand hits Terence.
Flame seeps out of Terence.
Terence is moderately wounded.
Terence is engulfed in blazing flames.
Flame seeps out of Terence.
Terence barely misses you.
Unknown command.
Casting: Sandblast (safe; 7% risk of failure)
Confirm with . or Enter, or press ? or * to list all spells.
Aiming: Sandblast (safe; 7% risk of failure)
Press: ? - help, Shift-Dir - straight line, f/p - Terence
Aim: Terence, wielding a +0 vorpal mace and wearing a +0 scale mail (flame, severely wounded, inner flame, 84% to hit)
The blast of sand hits Terence!
Terence explodes!
The fiery explosion engulfs you!
You die...

#.# ##.##
#####...#
#.......######
###
#.###.........
.. #.#
#.#######. #.
#.# #.# #.
#°####.###.#
#.
#§@........#
#.
#......###.#
#.
......######
#.# #. ######
#.# #. #.. ..
### ##


There were no monsters in sight!

Vanquished Creatures
  Terence (D:2)
  An adder (D:2)
  A worm (D:2)
  A dart slug (D:2)
  An endoplasm (D:1)
  2 giant cockroaches
  A goblin (D:1)
  2 hobgoblins
  A quokka (D:1)
  3 ball pythons (D:1)
  4 bats (D:1)
  4 kobolds
  A rat (D:2)
23 creatures vanquished.

Notes
Turn   | Place    | Note
-------+----------+-------------------------------------------
     0 | D:1      | protoss039 the Demonspawn Earth Elementalist began the
                  | quest for the Orb.
     0 | D:1      | Reached XP level 1. HP: 13/13 MP: 3/3
   468 | D:1      | Gained mutation: You are partially covered in icy blue
                  | scales. (AC +2) [demonic ancestry]
   468 | D:1      | Reached XP level 2. HP: 19/20 MP: 3/5
   681 | D:1      | Reached skill level 1 in Fighting
   786 | D:1      | Reached skill level 3 in Earth Magic
  1091 | D:1      | Found a faded altar of an unknown god.
  1291 | D:1      | Learned a level 2 spell: Passwall
  1491 | D:2      | Gained mutation: You regenerate magic rapidly. [demonic
                  | ancestry]
  1491 | D:2      | Reached XP level 3. HP: 26/26 MP: 3/6
  1669 | D:2      | Noticed Terence
  1681 | D:2      | Killed Terence
  1681 | D:2      | Killed by an exploding Terence... ignited by their inner
                  | flame

Illustrated notes

Levels and vault maps discovered:
D:1:      heliophobic_arrival_ceremonial_halls, layout_loops_ring,
          shapermc_ecumenical_altar_hornbeckon, minmay_misc_feat_square,
          hangedman_decor_peaks_small, ebering_dispersal_statue_hall,
          kennysheep_doodads, amcnicky_mini_rare_corridor_liquid,
          minmay_surrounded
D:2:      layout_loops_ring, dk_vineyard_2, kennysheep_nub, nrook_campfire,
          minmay_misc_feat_encased, minmay_misc_feat_enclosed, minmay_puff,
          uniq_terence

Skill      XL: |  1  2 |
---------------+-------+-----
Fighting       | 1 |  1.5
Earth Magic    | 3 |  3.1
Dodging        | |  1.7
Stealth        | |  1.7
Spellcasting   | |  2.5
Transmutations | |  0.8

Action                   || total
-------------------------++-------
Melee: Unarmed           ||    13
       Short sword       ||    15
       Hand axe          ||     4
 Cast: Sandblast         ||    34
       Passwall          ||     2
  Use: Scroll            ||     2
Armor: Robe              ||    13
       Leather armour    ||     5
Dodge: Dodged            ||    38
